 Dungeon Crawl Stone Soup version 0.31-a0-574-g69dc8cc98e (webtiles) character file.

Game seed: 12379247639857776462

4127 Shayle the Fighter (level 10, 0/107 HPs)
             Began as an Ogre Shapeshifter on Aug 18, 2023.
             Was a Follower of Ashenzari.
             Succumbed to a water moccasin's poison
             ... on level 9 of the Dungeon.
             The game lasted 00:35:06 (12595 turns).

Shayle the Fighter (Ogre Shapeshifter)             Turns: 12595, Time: 00:35:06

Health: 0/107      AC:  3    Str: 21    XL:     10   Next: 27%
Magic:  20/20      EV:  9    Int: 13    God:    Ashenzari [*.....]
Gold:   576        SH:  5    Dex:  9    Spells: 20/23 levels left

rFire   + . .        q - +2 dagger (venom)
rCold   . . .        (no shield)
rNeg    . . .        a - +0 animal skin
rPois   .            (helmet currently unavailable)
rElec   .            (cloak currently unavailable)
rCorr   .            (gloves unavailable)
SInv    .            (boots unavailable)
Will    +....        D - amulet "Per Aspera Ad Scientiam" {Reflect SH+5, Melee, Fort} (curse)
Stlth   +            x - ring of the Sidereal Seer {rF+, Dev, Melee} (curse)
HPRegen 0.37/turn    (no ring)
MPRegen 0.17/turn

%: reflection
@: lethally poisoned (0 -> -1), beast-form
A: beast (slay +4), large, unfitting armour, tough skin 1
a: Begin Untransformation, Renounce Religion, Curse Item, Shatter the Chains


You were on level 9 of the Dungeon.
You worshipped Ashenzari.
Ashenzari was aware of your devotion.
You were a hulking beast.
You visited 2 branches of the dungeon, and saw 10 of its levels.

You collected 576 gold pieces.

Inventory:

Hand Weapons
 e - a +2 dagger of speed
 q - a +2 dagger of venom (weapon)
Missiles
 h - 2 silver javelins (quivered)
 z - a throwing net
Armour
 a - a +0 animal skin (worn)
Jewellery
 n - an amulet of the acrobat
 x - the cursed ring of the Sidereal Seer (left hand) {rF+, Dev, Melee}
   (You found it on level 5 of the Dungeon)

   [ring of protection from fire]

   rF+:       It protects you from fire.
   It has a curse which improves the following skills: Devices: Evocations and
   Shapeshifting.
   Melee Combat: Short Blades, Long Blades, Axes, Maces & Flails, Polearms,
   Staves and Unarmed Combat.
 D - the cursed amulet "Per Aspera Ad Scientiam" (around neck) {Reflect SH+5, Melee, Fort}
   (You found it on level 5 of the Dungeon)

   [amulet of reflection]

   Reflect:   It reflects blocked missile attacks.
   SH+5:      It affects your SH (+5).
   It has a curse which improves the following skills: Melee Combat: Short
   Blades, Long Blades, Axes, Maces & Flails, Polearms, Staves and Unarmed
   Combat.
   Fortitude: Armour and Shields.
Talismans
 c - a beast talisman (active)
 d - a flux talisman
Scrolls
 g - 2 scrolls of enchant armour
 i - 2 scrolls of torment
 m - 2 scrolls of fog
 p - 5 scrolls of identify
 r - a scroll of revelation
 t - a scroll of silence
 u - 2 scrolls of poison
 y - 2 scrolls of immolation
 F - a scroll of fear
Potions
 b - a potion of enlightenment
 f - a potion of cancellation
 s - a potion of resistance
 v - a potion of degeneration
 w - a potion of mutation
 A - 2 potions of attraction
 B - a potion of invisibility
 C - a potion of might


   Skills:
 + Level 9.3 Fighting
 - Level 1.7 Dodging
 + Level 7.1(8.3) Unarmed Combat
 - Level 7.1 Spellcasting
 + Level 1.9 Conjurations
 + Level 2.0 Air Magic
 + Level 1.9 Poison Magic
 + Level 6.6(7.4) Shapeshifting


You had 20 spell levels left.
You knew the following spells:

 Your Spells              Type           Power      Damage    Failure   Level
a - Mephitic Cloud        Conj/Pois/Air  9%         N/A       21%         3

Your spell library contained the following spells:

 Spells                   Type           Power      Damage    Failure   Level
 Magic Dart               Conj           36%        1d4       7%          1
 Sandblast                Erth           8%         2d5       16%         1
 Call Imp                 Summ           8%         N/A       22%         2
 Passwall                 Tmut/Erth      3%         N/A       22%         2
 Stone Arrow              Conj/Erth      14%        3d7       30%         3


Dungeon Overview and Level Annotations

Branches:
Dungeon (9/15)             Temple (1/1) D:4
   Lair: D:8-11         Orc: D:9-12

Altars:
Ashenzari
Cheibriados
Dithmenos
Elyvilon
Fedhas
Gozag
Hepliaklqana
Kikubaaqudgha
Makhleb
Nemelex Xobeh
Okawaru
Qazlal
Ru
Sif Muna
Trog
Uskayaw
Vehumet
Wu Jian
Xom
Yredelemnul
Zin
The Shining One

Shops:
D:6 (   D:7 *

Annotations:
D:4 1 runed translucent door, SoEpicPie's ghost, weakling HOCA
D:5 1 runed translucent door, Crazy Yiuf
D:9 Psyche


Innate Abilities, Weirdness & Mutations

You are a hulking beast.
Your limbs bulge with bestial killing power. (Slay +4)
You are too large for most types of armour.
You have tough skin. (AC +1)


Message History

The water moccasin bites you.
You are poisoned.
The water moccasin poisons you!
You closely miss the water moccasin.
You feel very sick. The water moccasin bites you.
* * * LOW HITPOINT WARNING * * *
You are more poisoned.
The water moccasin poisons you!
You hit the water moccasin.
The water moccasin is lightly wounded.
* * * LOW HITPOINT WARNING * * *
You feel very sick.
The water moccasin bites you but does no damage.
The water moccasin bites you.
* * * LOW HITPOINT WARNING * * *
Okay, then.
Blink to where?
Press: ? - help, Dir - move target
As you read the scroll of blinking, it crumbles to dust.
* * * LOW HITPOINT WARNING * * *
You feel very sick.
* * * LOW HITPOINT WARNING * * *
You feel very sick.
* * * LOW HITPOINT WARNING * * *
You feel very sick.
* * * LOW HITPOINT WARNING * * *
You feel sick.
* * * LOW HITPOINT WARNING * * *
You feel sick.
* * * LOW HITPOINT WARNING * * *
You feel sick.
* * * LOW HITPOINT WARNING * * *
You feel sick.
* * * LOW HITPOINT WARNING * * *
You feel sick.
* * * LOW HITPOINT WARNING * * *
You feel sick.
There is a stone staircase leading up here.
You die...

#..# #............
#..######............
#....................
#.§..................
#........S...........
#..##########S#######
#..# #{#
#..##########.#
#..........h..########
#.....................
#..................###
#.....................
#....................♣
#..?..................
######.......♣P...
#..###....... #..
.......


There were no monsters in sight!

Vanquished Creatures
  Pikel (D:7)
  3 wyverns (D:9)
  A vampire (D:8)
  Eustachio (D:4)
  Edmund (D:3)
  An acid dragon (D:8)
  2 water moccasins
  A black bear (D:7)
  3 ice beasts
  A sky beast (D:7)
  2 ogres
  3 centaurs
  2 phantoms (D:6)
  A gnoll sergeant (D:8)
  A bullfrog (D:6)
  A scorpion (D:6)
  8 wights
  4 hounds
  2 jellies
  2 gnoll boudas
  An orc priest (D:5)
  An iguana (D:6)
  7 orc wizards
  14 gnolls
  11 adders
  4 shadow imps
  A white imp (D:8)
  4 ufetubi
  4 dart slugs
  32 orcs
  9 ball pythons
  2 endoplasms
  3 giant cockroaches
  12 goblins
  9 hobgoblins
  3 jackals (D:5)
  3 quokkas
  9 bats
  6 frilled lizards
  11 kobolds
  8 rats
195 creatures vanquished.

Notes
Turn   | Place    | Note
-------+----------+-------------------------------------------
     0 | D:1      | Shayle the Ogre Shapeshifter began the quest for the Orb.
     0 | D:1      | Reached XP level 1. HP: 19/19 MP: 1/1
    98 | D:1      | Reached XP level 2. HP: 28/28 MP: 2/2
   201 | D:1      | Reached skill level 2 in Fighting
   262 | D:1      | Reached skill level 1 in Spellcasting
   445 | D:1      | Reached XP level 3. HP: 33/35 MP: 4/4
  1158 | D:2      | Reached XP level 4. HP: 43/44 MP: 6/6
  1178 | D:2      | Found a faded altar of an unknown god.
  1877 | D:2      | Reached skill level 3 in Fighting
  2142 | D:3      | Found a bloodstained altar of Trog.
  2168 | D:3      | Reached XP level 5. HP: 51/53 MP: 8/8
  2185 | D:3      | Found a shadowy altar of Dithmenos.
  2250 | D:3      | You fall into a shaft and drop 3 floors!
  2255 | D:5      | Entered Level 5 of the Dungeon
  2344 | D:4      | Noticed Eustachio
  2385 | D:4      | Killed Eustachio
  2386 | D:4      | Reached skill level 4 in Fighting
  2386 | D:4      | Reached XP level 6. HP: 27/62 MP: 8/10
  2821 | D:3      | Found a blossoming altar of Fedhas.
  2841 | D:3      | Found an opulent altar of Gozag.
  2922 | D:3      | Found a hide-covered altar of Uskayaw.
  2923 | D:3      | Found a stormy altar of Qazlal.
  4090 | D:4      | Reached XP level 7. HP: 19/71 MP: 12/12
  4328 | D:4      | Found a runed translucent door.
  4333 | D:4      | Noticed SoEpicPie's ghost (weakling HOCA)
  4348 | D:4      | Found a staircase to the Ecumenical Temple.
  4375 | Temple   | Entered the Ecumenical Temple
  4411 | Temple   | Became a worshipper of Ashenzari the Shackled
  4514 | D:4      | Noticed Edmund
  4548 | D:3      | Killed Edmund
  4549 | D:3      | Reached skill level 5 in Fighting
  5554 | D:5      | Found a runed translucent door.
  5555 | D:5      | Noticed Crazy Yiuf
  5634 | D:6      | Found Natobost's Antique Weapon Boutique.
  5866 | D:6      | Reached XP level 8. HP: 55/83 MP: 14/14
  5877 | D:6      | Reached skill level 6 in Fighting
  5877 | D:6      | Reached skill level 5 in Unarmed Combat
  5878 | D:6      | HP: 2/83 [shadow imp/nerve-wracking pain (14)]
  6133 | D:6      | Reached skill level 5 in Spellcasting
  6133 | D:6      | Reached skill level 5 in Shapeshifting
  6357 | D:6      | Found a radiant altar of Vehumet.
  7230 | D:6      | Reached skill level 7 in Fighting
  7855 | D:7      | Reached XP level 9. HP: 82/91 MP: 17/17
  7990 | D:7      | Noticed Pikel
  8002 | D:7      | Killed Pikel
  8057 | D:7      | Reached * piety under Ashenzari
  8110 | D:7      | Reached skill level 8 in Fighting
  8704 | D:7      | Found Vaisu's Neck Hole.
  9462 | D:8      | Learned a level 3 spell: Mephitic Cloud
 10252 | D:8      | HP: 1/96 [something (8)]
 11437 | D:8      | Reached skill level 1 in Air Magic
 11555 | D:8      | Reached skill level 9 in Fighting
 11555 | D:8      | Reached skill level 1 in Conjurations
 11555 | D:8      | Reached skill level 1 in Poison Magic
 11555 | D:8      | Reached XP level 10. HP: 97/107 MP: 20/20
 12010 | D:9      | Noticed Psyche
 12590 | D:9      | HP: 5/107 [poisoned by a water moccasin]
 12592 | D:9      | HP: 2/107 [poisoned by a water moccasin]
 12595 | D:9      | Succumbed to a water moccasin's poison

Illustrated notes

Levels and vault maps discovered:
D:1:      ncdulo_smallfort, layout_loops_ring, ebering_dispersal_statue_hall,
          kennysheep_boxes
D:2:      layout_basic, shapermc_ecumenical_altar_mp_ritualfount
D:3:      layout_loops_corners, nicolae_overflow_crystal_walls,
          nicolae_gozag_seed_capital, nicolae_overflow_squiral,
          mainiacjoe_overflow_catch_the_wave
D:4:      layout_basic, minmay_temple_entry_sparse_star,
          ebering_ghost_reflecting_pool, uniq_eustachio, uniq_edmund
D:5:      layout_loops_ring, uniq_crazy_yiuf_cottage
D:6:      layout_basic, marbit_many_paths, serial_shops,
          nicolae_shop_window_shopping, kennysheep_decorative_pillar
D:7:      layout_basic, minivault_27, nicolae_shop_sticking_my_neck_out,
          uniq_pikel
D:8:      layout_loops_ring
D:9:      layout_long_grid, minmay_lair_entry_grove, nicolae_transporter_circle,
          uniq_psyche
Temple:   bh_familiar_temple

Skill      XL: |  1  2  3  4  5  6  7  8  9 10 |
---------------+-------------------------------+-----
Fighting       | 2 3 4 5 7 9 |  9.3
Spellcasting   | 1 2 3 4 5 7 |  7.1
Unarmed Combat | 3 4 5 6 7 |  7.1
Shapeshifting  | 4 5 6 |  6.6
Air Magic      | 1 2 |  2.0
Conjurations   | 1 |  1.9
Poison Magic   | 1 |  1.9
Dodging        | |  1.7

Action                     |  1- 3 |  4- 6 |  7- 9 | 10-12 || total
---------------------------+-------+-------+-------+-------++-------
  Melee: Unarmed           |   111 |   124 |    28 |    34 ||   297
         Dagger            |       |   107 |   397 |    32 ||   536
         Punch             |       |     3 |    20 |     9 ||    32
  Throw: Javelin           |       |       |     6 |       ||     6
 Invoke: Curse Item        |       |       |     2 |       ||     2
  Evoke: Wand              |       |     3 |    14 |     3 ||    20
    Use: Potion            |       |     3 |     8 |     2 ||    13
         Scroll            |       |       |     3 |     1 ||     4
   Stab: Sleeping          |     1 |     1 |       |       ||     2
 Armour: Animal skin       |    25 |    45 |    64 |     7 ||   141
         Skin              |       |     7 |    15 |       ||    22
  Dodge: Dodged            |    46 |   128 |   166 |    24 ||   364
  Block: Other             |       |       |    81 |    13 ||    94
         Reflection        |       |       |     3 |       ||     3

Table legend: (Time is in decaauts)
 A = Elapsed time spent in this place.
 B = Non-inter-level travel time spent in this place.
 C = Inter-level travel time spent in this place.
 D = Time resting spent in this place.
 E = Time spent auto-exploring this place.
 F = Levels seen in this place.
 G = Mean time per level.
                   A        B        C        D        E       F      G
               +--------+--------+--------+--------+--------+-----+--------+
         Total |  12586 |  11497 |   1089 |   3396 |   5494 |  10 | 1258.6 |
       Dungeon |  12515 |  11459 |   1056 |   3396 |   5494 |   9 | 1390.6 |
        Temple |     70 |     37 |     33 |      0 |      0 |   1 |   70.0 |
               +--------+--------+--------+--------+--------+-----+--------+

Top non-repeatable levels by time:
     D:7: 2278 daAuts
     D:6: 2233 daAuts
     D:8: 1810 daAuts
     D:4: 1635 daAuts
     D:2: 1276 daAuts
     D:3: 1237 daAuts
     D:1: 877 daAuts
     D:5: 786 daAuts
     D:9: 380 daAuts
  Temple: 70 daAuts
